 Seeded DCSS version 0.30.1-11-g7821555f0a (webtiles) character file.

Game seed: 430007637681659361 (custom seed)

30 strifetoe the Insei (level 3, -14/27 HPs)
             Began as a Djinni Transmuter on Nov 9, 2023.
             Demolished by a kobold
             ... wielding a +1 whip of electrocution
              (16 damage)
             ... on level 1 of the Dungeon.
             The game lasted 00:01:17 (804 turns).

strifetoe the Insei (Djinni Transmuter)              Turns: 804, Time: 00:01:17

Health: -14/27     AC:  2    Str:  9    XL:     3   Next: 35%
Gold:   35         EV: 12    Int: 16    God:
                   SH:  0    Dex: 13

rFire   + +          .
                       - Unarmed
rCold   x . .        (no shield)
rNeg    . . .        a - +0 robe
rPois   ∞            (helmet currently unavailable)
rElec   .            (no cloak)
rCorr   .            (no gloves)
SInv    .            (boots unavailable)
Will    .....        (no amulet)
Stlth   +            (no ring)
HPRegen 0.24/turn    (no ring)
MPRegen 0.00/turn

%: infuse magic (-15 HP)
@: appendages, flying, very slightly contaminated
A: horns 2, flying, sickness immunity, fire resistance 2, cold vulnerability 1,
float, innate caster, HP casting, extra vitality 1
a: End Transformation


You were on level 1 of the Dungeon.
You had temporarily grown beastly horns.
You visited 1 branch of the dungeon, and saw 1 of its levels.

You collected 35 gold pieces.

Inventory:

Armour
 a - a +0 robe (worn)
Scrolls
 d - a scroll of vulnerability {unknown}
 e - 2 scrolls of noise {unknown}
 f - a scroll of fear {unknown}
 g - a scroll of brand weapon {unknown}
Potions
 b - a potion of lignification
 c - a potion of curing {unknown}
 h - a potion of cancellation {unknown}
 i - a potion of ambrosia {unknown}


   Skills:
 - Level 1.0 Fighting
 - Level 2.1 Dodging
 + Level 3.5 Unarmed Combat
 - Level 2.2 Spellcasting


You knew the following spells:

 Your Spells              Type           Power      Damage    Failure   Level
a - Beastly Appendage     Tmut           18%        N/A       8%          1
b - Wereblood             Tmut           9%         N/A       12%         2
c - Spider Form           Tmut/Pois      9%         N/A       24%         3
d - Ice Form              Ice/Tmut       9%         N/A       61%         4
e - Summon Small Mammal   Summ           36%        N/A       8%          1
Your spell library was empty.

Dungeon Overview and Level Annotations

Branches:
Dungeon (1/15)

Altars:


Innate Abilities, Weirdness & Mutations

You have temporarily grown beastly horns.
You are flying.
You are immune to sickness and miasma.
You are immune to poison.
Your flesh is very heat resistant. (rF++)
You are vulnerable to cold. (rC-)
You float through the air rather than walking.
You learn spells naturally, not from books.
Your magical power is your life essence.
You have superior vitality. (+4 MHP)


Message History

No target in view!
No target in view!
No target in view!
No target in view!
No target in view!
No target in view!
You start resting.
Your transformation is almost over.
Your horns disappear.
HP restored.
A kobold comes into view.
It is wielding a +1 whip of electrocution.
Found a scroll labelled DEILUD OMASEGE.
You see here a hobgoblin corpse.
A kobold is nearby!
A kobold is nearby!
A kobold is nearby!
Casting: Beastly Appendage (safe; 8% risk of failure)
Confirm with . or Enter, or press ? or * to list all spells.
You miscast Beastly Appendage.
You are very lightly contaminated with residual magic.
Nothing appears to happen.
Casting: Beastly Appendage (safe; 8% risk of failure)
Confirm with . or Enter, or press ? or * to list all spells.
You miscast Beastly Appendage.
Nothing appears to happen.
The kobold shouts!
You closely miss the kobold. You hit the kobold but do no damage.
The kobold hits you with a +1 whip of electrocution.
You are electrocuted!
Ouch! That really hurt!
* * * LOW HITPOINT WARNING * * *
Casting: Beastly Appendage (safe; 8% risk of failure)
Confirm with . or Enter, or press ? or * to list all spells.
You grow a pair of large bovine horns.
* * * LOW HITPOINT WARNING * * *
The kobold hits you with a +1 whip of electrocution.
* * * LOW HITPOINT WARNING * * *
You are electrocuted!
Ouch! That really hurt!
You die...

#............
#............
#######†..... #......
#...... #......
######+##### ##...##
#..........# ##...##
#?.K@......# #.....#
#..........####.~....
#.$....>†..'.....≈≈≈≈
#..........###..~≈♣♣♣
#..........# #..~≈♣ ♣
############ #..~≈♣♣♣
#...≈≈≈≈ #..~.).~
#..~≈≈≈≈


You could see a kobold.

Vanquished Creatures
  A dart slug (D:1)
  An endoplasm (D:1)
  3 giant cockroaches (D:1)
  2 goblins (D:1)
  3 hobgoblins (D:1)
  2 quokkas (D:1)
  4 ball pythons (D:1)
  6 bats (D:1)
  A frilled lizard (D:1)
  4 rats (D:1)
27 creatures vanquished.

Notes
Turn   | Place    | Note
-------+----------+-------------------------------------------
     0 | D:1      | strifetoe the Djinni Transmuter began the quest for the
                  | Orb.
     0 | D:1      | strifetoe set off with the following spells memorised:
                  | Beastly Appendage, Wereblood, Spider Form, Ice Form.
     0 | D:1      | Reached XP level 1. HP: 17/17 MP: 0/0
   116 | D:1      | Reached XP level 2. HP: 17/22 MP: 0/0
   625 | D:1      | Reached XP level 3. HP: 21/27 MP: 0/0
   625 | D:1      | Learned a level 1 spell: Summon Small Mammal
   804 | D:1      | Demolished by a kobold

Illustrated notes

Levels and vault maps discovered:
D:1:      wander_arrival_chamber, layout_basic, kennysheep_boxes

Skill      XL: |  1 |
---------------+----+-----
Spellcasting   | 2 |  2.2
Fighting       | |  1.0
Dodging        | |  2.1
Unarmed Combat | |  3.5

Action                     || total
---------------------------++-------
  Melee: Unarmed           ||    88
         Headbutt          ||    13
         Punch             ||     2
   Cast: Beastly Appendage ||    19
   Stab: Sleeping          ||     1
 Armour: Robe              ||    20
  Dodge: Dodged            ||    54
